 Dungeon Crawl Stone Soup version 0.17.1-3-g152610e (webtiles) character file.

58 Alarkh the Chopper (level 3, -2/27 HPs)
             Began as a Mummy Skald on Apr 17, 2016.
             Slain by a worm (8 damage)
             ... on level 2 of the Dungeon.
             The game lasted 00:02:11 (1656 turns).

Alarkh the Chopper (Mummy Skald)                    Turns: 1656, Time: 00:02:12

Health: -2/27      AC:  4    Str: 15    XL:     3   Next: 76%
Magic:  0/6        EV: 11    Int: 12    God:
Gold:   86         SH:  0    Dex: 11    Spells: 1 memorised, 5 levels left

rFire  x . .     SeeInvis .     a - +0 hand axe
rCold  + . .     Clarity  .     b - +0 leather armour
rNeg   + + +     SustAt   .     (no shield)
rPois  ∞         Gourm    .     h - +0 helmet
rElec  .         Spirit   .     (no cloak)
rCorr  .         Warding  .     (no gloves)
rMut   .         Stasis   .     (no boots)
MR     .....                    (no amulet)
Stlth  +.........               (no ring)
                                (no ring)

@: infused, very slightly contaminated, not resistant to hostile enchantments,
very unstealthy
A: no food or potions, fire vulnerability, cold resistance 1, negative energy
resistance 3, torment resistance, unbreathing
a: no special abilities


You were on level 2 of the Dungeon.
You were not hungry.

You visited 1 branch of the dungeon, and saw 2 of its levels.

You collected 86 gold pieces.

Inventory:

Hand Weapons
 a - a +0 hand axe (weapon)
Armour
 b - a +0 leather armour (worn)
 h - a +0 helmet (worn)
Scrolls
 d - a scroll of enchant weapon {unknown}
 e - a scroll of teleportation
 f - a scroll of amnesia
 g - 2 scrolls of recharging
Books
 c - a book of Battle

   Spells                             Type                      Level
   a - Infusion                       Charms                       1
   b - Shroud of Golubria             Charms/Translocation         2
   c - Song of Slaying                Charms                       2
   d - Spectral Weapon                Hexes/Charms                 3
   e - Regeneration                   Charms/Necromancy            3


   Skills:
 - Level 2.0 Fighting
 + Level 3.4 Axes
 - Level 0.7 Armour
 - Level 0.7 Dodging
 - Level 2.0 Spellcasting
 - Level 2.4 Charms


You had 5 spell levels left.
You knew the following spells:

 Your Spells              Type           Power        Failure   Level  Hunger
a - Infusion              Chrm           #.....       14%         1    N/A

Dungeon Overview and Level Annotations

Branches:
Dungeon (2/15)

Altars:
Nemelex Xobeh


Innate Abilities, Weirdness & Mutations

You do not eat or drink.
Your flesh is vulnerable to fire.
You are immune to poison.
Your flesh is cold resistant.
You are immune to negative energy.
You are immune to unholy pain and torment.
You can survive without breathing.


Message History

You hit the worm!
The worm is moderately wounded.
You closely miss the hobgoblin.
The hobgoblin hits you but does no damage.
The worm bites you.
You are too injured to fight recklessly!
You are too injured to fight recklessly!
You hit the worm.
The worm is moderately wounded.
You hit the hobgoblin.
The hobgoblin is heavily wounded.
The hobgoblin hits you.
You hit the worm.
The worm is severely wounded.
You closely miss the hobgoblin.
The hobgoblin is heavily wounded.
The hobgoblin hits you.
* * * LOW HITPOINT WARNING * * *
The worm bites you!
You die...

#.#..............
#.#....#.##.#.#.#
#.#.#..#....#.#.. ###.#.#..###
##.##. ........... #. #. .
#.####.#.#..# #.##. ..
#..##.#.........## #.### ##.##
#.##.#.##w......#+###.### .....
#.......@.#.$......#.....
......##.##'#†)#g#........#..###
.....#........#b#........#..##.
............#.#.w......#..##.
#.#........#............†...
#..........#####.#....#..###
##..)...<...# .......#..# #
.###.....(#'#'## #.........# #
........#(#.#'##.# #.........# #


You could see a worm, a hobgoblin and a bat.

Vanquished Creatures
  3 adders (D:2)
  A worm (D:2)
  A giant gecko (D:1)
  5 bats
  2 giant cockroaches (D:2)
  A hobgoblin (D:2)
  3 giant newts
  4 goblins
  9 kobolds
  4 rats
33 creatures vanquished.

Notes
Turn   | Place    | Note
--------------------------------------------------------------
     0 | D:1      | Alarkh the Mummy Skald began the quest for the Orb.
     0 | D:1      | Reached XP level 1. HP: 16/16 MP: 3/3
   436 | D:1      | Reached XP level 2. HP: 13/22 MP: 1/5
   939 | D:2      | Found a sparkling altar of Nemelex Xobeh.
  1039 | D:2      | Reached XP level 3. HP: 13/27 MP: 0/6
  1342 | D:2      | Reached skill level 3 in Axes
  1656 | D:2      | Slain by a worm

Action                   || total
-------------------------++-------
Melee: Hand axe          ||   108
 Cast: Infusion          ||    20
  Use: Scroll            ||     3
